 Dungeon Crawl Stone Soup version 0.31-a0-263-ge8cad7f256 (webtiles) character file.

Game seed: 13656057171294291808

60 qw the Shooter (level 3, -6/29 HPs)
             Began as a Minotaur Hexslinger on July 13, 2023.
             Killed by divine providence
             ... invoked by an orc priest
              (13 damage)
             ... on level 3 of the Dungeon.
             The game lasted 00:00:25 (1556 turns).

qw the Shooter (Minotaur Hexslinger)                Turns: 1556, Time: 00:00:25

Health: -6/29      AC:  5    Str: 12    XL:     3   Next: 82%
Magic:  3/3        EV: 11    Int: 10    God:
Gold:   117        SH:  0    Dex: 20    Spells: 3/4 levels left

rFire   . . .        Y - +1 sling
rCold   . . .        (no shield)
rNeg    . . .        i - +0 ring mail
rPois   .            (helmet restricted)
rElec   .            (no cloak)
rCorr   .            (no gloves)
SInv    .            (no boots)
Will    .....        (no amulet)
Stlth   +            d - +6 ring of dexterity
HPRegen 0.24/turn    (no ring)
MPRegen 0.08/turn

%: no passive effects
@: no status effects
A: horns 2, retaliatory headbutt
a: no special abilities


You were on level 3 of the Dungeon.
You visited 1 branch of the dungeon, and saw 3 of its levels.

You collected 117 gold pieces.


Innate Abilities, Weirdness & Mutations

You have a pair of horns on your head.
You reflexively headbutt those who attack you in melee.


   Skills:
 - Level 2.0 Fighting
 + Level 4.1 Ranged Weapons
 - Level 1.2 Armour
 - Level 2.1 Dodging
 - Level 1.0 Spellcasting
 - Level 2.0 Hexes


You had 3 spell levels left.
You knew the following spells:

 Your Spells              Type           Power      Damage    Failure   Level
a - Slow                  Hex            16%        N/A       34%         1

Your spell library contained the following spells:

 Spells                   Type           Power      Damage    Failure   Level
 Inner Flame              Hex/Fire       2%         N/A       83%         3
 Portal Projectile        Hex/Tloc       4%         N/A       83%         3
 Cause Fear               Hex            2%         N/A       98%         4

Inventory:

Hand Weapons
 Y - a +1 sling (weapon)
Armour
 i - a +0 ring mail (worn)
Jewellery
 d - a +6 ring of dexterity (left hand)
Scrolls
 a - 2 scrolls of identify {unknown}
 b - a scroll of teleportation {unknown}
Potions
 c - a potion of brilliance {unknown}
 e - a potion of enlightenment
 f - a potion of curing {unknown}
 g - a potion of heal wounds {unknown}

Dungeon Overview and Level Annotations

Branches:
Dungeon (3/15)

Altars:


Message History

You shoot a sling bullet. The sling bullet hits the adder.
The adder is moderately wounded.
An orc comes into view. It is wielding a +0 short sword.
You shoot a sling bullet.
The sling bullet barely misses the adder.
You shoot a sling bullet.
The sling bullet closely misses the adder.
The adder misses you. You furiously retaliate!
You headbutt the adder. You shoot a sling bullet.
The sling bullet closely misses the adder.
The adder misses you. You furiously retaliate!
You headbutt the adder.
You kill the adder!
The orc throws a stone.
The stone hits you but does no damage.
Your Armour skill increases to level 1!
You shoot a sling bullet.
The sling bullet hits the orc but does no damage.
You shoot a sling bullet. The sling bullet hits the orc!
You kill the orc!
You shoot a sling bullet.
The sling bullet barely misses the orc priest.
You shoot a sling bullet. The sling bullet hits the orc priest.
The orc priest is lightly wounded.
You shoot a sling bullet.
The sling bullet closely misses the orc priest.
The orc priest looks braver for a moment.
You shoot a sling bullet. The sling bullet hits the orc priest.
The orc priest is heavily wounded.
The orc priest invokes the aid of Beogh against you.
Beogh smites you!
The orc priest calls down the wrath of Beogh upon you.
Beogh smites you!
You shoot a sling bullet.
The sling bullet closely misses the orc priest.
The orc priest hits you with a +0 hand axe.
You shoot a sling bullet.
The sling bullet hits the orc priest but does no damage.
The orc priest is heavily wounded.
The orc priest mumbles some strange prayers to Beogh against you.
Beogh smites you!
You die...

.#.# ...# ..# ...#
## #.# ...### .#
#.### .....# .#
#...# .....# .#
#######%#.##.....#
.# #...........# .#
#.........#)## .#
#.........#@.#
.#####.........##o.#
.....#.........# #.#
.###.#######'### )#
.# #.# #.# .. ## #.#
#.# #. #.# #.# ..
#.# #.# .. #.# #.#


You could see an orc priest.

Vanquished Creatures
  3 adders
  2 orcs (D:3)
  2 endoplasms
  2 giant cockroaches
  2 goblins
  5 hobgoblins
  4 jackals (D:1)
  A quokka (D:3)
  3 ball pythons (D:1)
  A frilled lizard (D:2)
  2 kobolds
  2 rats (D:1)
29 creatures vanquished.

Notes
Turn   | Place    | Note
-------+----------+-------------------------------------------
     0 | D:1      | qw the Minotaur Hexslinger began the quest for the Orb.
     0 | D:1      | Reached XP level 1. HP: 16/16 MP: 1/1
     0 | D:1      | 0 ||| qw: Version: 0.3-a-52-g30416fa
     0 | D:1      | 0 ||| qw: Game counter: 7219
     0 | D:1      | 0 ||| qw: Melee chars always use a shield: true
     0 | D:1      | 0 ||| qw: God list: Okawaru
     0 | D:1      | 0 ||| qw: Allow faded altars: false
     0 | D:1      | 0 ||| qw: Do Orc after clearing Dungeon:15 true
     0 | D:1      | 0 ||| qw: Do second Lair branch before Depths: true
     0 | D:1      | 0 ||| qw: Lair rune preference: random
     0 | D:1      | 0 ||| qw: Goals: Normal
     0 | D:1      | 0 ||| PLANNING D:1-11
   180 | D:1      | Reached skill level 3 in Ranged Weapons
   183 | D:1      | Reached XP level 2. HP: 23/23 MP: 2/2
   272 | D:1      | Found a faded altar of an unknown god.
   788 | D:1      | 788 ||| UPGRADING to +6 ring of dexterity.
   789 | D:1      | 789 ||| DROPPING scroll of poison.
  1049 | D:2      | Reached XP level 3. HP: 29/29 MP: 3/3
  1251 | D:2      | 1251 ||| UPGRADING to +0 ring mail.
  1261 | D:2      | 1261 ||| DROPPING +0 robe.
  1262 | D:2      | 1262 ||| READING scroll labelled POCOREA SOLI.
  1363 | D:2      | 1363 ||| READING scroll labelled HABLEGH QAGUT.
  1364 | D:2      | 1364 ||| DRINKING 2 viscous purple potions.
  1537 | D:3      | Reached skill level 4 in Ranged Weapons
  1549 | D:3      | Reached skill level 1 in Armour
  1555 | D:3      | HP: 6/29 [orc priest/+0 hand axe (2)]
  1556 | D:3      | Killed from afar by an orc priest

Levels and vault maps discovered:
D:1:      mrwooster_arrival_statue, layout_basic,
          hellmonk_ecumenical_altar_arch_garden, dreamdust_wishing_well
D:2:      layout_rooms, serial_glass, glass_columns_a, glass_columns_b,
          glass_columns_a, glass_columns_a, glass_columns_a, glass_columns_b,
          glass_columns_c, glass_columns_a, glass_columns_b, glass_columns_b,
          serial_bayou_pond_d, kennysheep_generic_room_2
D:3:      layout_basic, serial_shops, shop_statue

Skill      XL: |  1  2  3 |
---------------+----------+-----
Ranged Weapons | 3 4 |  4.1
Fighting       | 2 |  2.0
Armour         | 1 |  1.2
Dodging        | |  2.1
Spellcasting   | |  1.0
Hexes          | |  2.0

Action                     || total
---------------------------++-------
   Fire: Sling             ||    81
    Use: Scroll            ||     2
         Potion            ||     1
 Armour: Ring mail         ||     2
  Dodge: Dodged            ||     9

Table legend:
 A = Non-vault XP
 B = Vault XP
 C = Vault XP percentage of total XP
 D = Non-vault monster count
 E = Vault monster count
 F = Vault count percentage of total count
                 A         B        C        D         E       F
            +---------+---------+-------+---------+---------+-------
      Total |      87 |       0 |   0.0 |      29 |       0 |   0.0
            +---------+---------+-------+---------+---------+-------
        D:1 |      27 |       0 |   0.0 |      16 |       0 |   0.0
        D:2 |      24 |       0 |   0.0 |       7 |       0 |   0.0
        D:3 |      36 |       0 |   0.0 |       6 |       0 |   0.0
            +---------+---------+-------+---------+---------+-------
